 Dungeon Sprint DCSS version 0.18.1-50-g88ac8fd (webtiles) character file.

260 Kagutsuchi the Fighter (level 5, -10/56 HPs)
             Began as a Draconian Berserker on Oct 21, 2016.
             Was a Believer of Trog.
             Mangled by a neqoxec (14 damage)
             ... in the Dungeon (Sprint II: "The Violet Keep of Menkaure").
             The game lasted 00:00:25 (23 turns).

Kagutsuchi the Fighter (Draconian Berserker)          Turns: 23, Time: 00:00:26

Health: -10/56     AC:  5    Str: 17    XL:     5   Next: 95%
Magic:  5/5        EV: 15    Int:  7    God:    Trog [**....]
Gold:   0          SH:  0    Dex: 12    Spells: 0 memorised, 4 levels left

rFire  . . .     SeeInvis .     a - +0 falchion
rCold  . . .     Gourm    .     (armour unavailable)
rNeg   . . .     Faith    .     (no shield)
rPois  .         Spirit   .     (helmet restricted)
rElec  .         Dismiss  .     (no cloak)
rCorr  .         Reflect  .     (no gloves)
SustAt .         Harm     .     (no boots)
MR     .....     NoTele   +     (no amulet)
Stlth  +.........               (no ring)
                                (no ring)

@: exhausted, slowed, very slow, not resistant to hostile enchantments, very
unstealthy
A: unfitting armour, weak 1, cold-blooded, AC +5
a: Berserk, Trog's Hand, Burn Spellbooks, Renounce Religion


You were in the Dungeon.
You worshipped Trog.
Trog was pleased with you.
You were not hungry.

You visited 1 branch

Inventory:

Hand Weapons
 a - a +0 falchion (weapon)
Scrolls
 h - a scroll of blinking
Potions
 c - a potion of curing
 e - a potion of haste
 f - 2 potions of magic
 g - a potion of berserk rage
Comestibles
 b - a bread ration


   Skills:
 + Level 8.8 Fighting
 + Level 7.9 Long Blades
 + Level 6.7 Dodging


You had 4 spell levels left.
You didn't know any spells.

Dungeon Overview and Level Annotations

Branches:
Dungeon (1/1)

Altars:

Annotations:
D Menkaure


Innate Abilities, Weirdness & Mutations

Your plain brown scales are hard (AC +5).
Your body does not fit into most forms of armour.
You are cold-blooded and may be slowed by cold attacks.
You are weak. (Str -2)


Message History

The neqoxec hits you! Menkaure closely misses you. The white imp hits you.
The white imp freezes you.
You barely miss the neqoxec.
The neqoxec is moderately wounded.
The neqoxec gestures at you.
Something tries to feed on your intellect!
The neqoxec gestures at you.
Something tries to feed on your intellect!
The white imp gestures at you. The puff of frost hits you!
* * * LOW HITPOINT WARNING * * *
Menkaure hits you!
* * * LOW HITPOINT WARNING * * *
The neqoxec gestures.
The neqoxec gestures at you.
Something tries to feed on your intellect!
You closely miss the neqoxec.
The neqoxec is moderately wounded.
The white imp misses you. Menkaure hits you but does no damage.
The neqoxec hits you!
You die...

## ## #+#
#5##..#
##.###53#..#
+.<.'##3M5.#
##.##.#@#
#+###5## ###


You could see 2 neqoxecs, Menkaure, a crimson imp, a white imp, a shadow imp and
an ufetubus.

Vanquished Creatures
  2 neqoxecs (D)
2 creatures vanquished.

Vanquished Creatures (others)
  A crocodile (D)
1 creature vanquished.

Grand Total: 3 creatures vanquished

Notes
Turn   | Place    | Note
--------------------------------------------------------------
     0 | D        | Kagutsuchi the Draconian Berserker began the quest for the Orb.
     0 | D        | Reached XP level 1. HP: 19/19 MP: 1/1
     1 | D        | Noticed a neqoxec
     4 | D        | Gained mutation: You are weak. (Str -2) [a neqoxec]
     6 | D        | Noticed a neqoxec
     9 | D        | Killed a neqoxec
     9 | D        | Reached skill level 7 in Fighting
     9 | D        | Reached skill level 5 in Dodging
     9 | D        | Reached XP level 2. HP: 19/34 MP: 2/2
     9 | D        | Reached XP level 3. HP: 21/39 MP: 3/3
     9 | D        | Reached XP level 4. HP: 26/47 MP: 4/4
    14 | D        | Killed a neqoxec
    14 | D        | Reached ** piety under Trog
    14 | D        | Reached skill level 8 in Fighting
    14 | D        | Reached XP level 5. HP: 26/56 MP: 5/5
    17 | D        | Noticed a neqoxec
    17 | D        | Noticed Menkaure
    17 | D        | Noticed a neqoxec
    20 | D        | Killed a crocodile
    23 | D        | Mangled by a neqoxec

Skill      XL: |  1  2  3  4 |
---------------+-------------+-----
Fighting       | 7 8 |  8.8
Long Blades    | 6 7 |  7.9
Dodging        | 5 6 |  6.7

Action                   |  1- 3 |  4- 6 || total
-------------------------+-------+-------++-------
Melee: Falchion          |     7 |     7 ||    14
       Tailslap          |     1 |       ||     1
Invok: Berserk           |     1 |       ||     1
  Use: Potion            |       |     1 ||     1
Armor: Skin              |       |     2 ||     2
Dodge: Dodged            |     1 |     2 ||     3
